 Dungeon Crawl Stone Soup version 0.31-a0-152-g6aa68a64a1 (webtiles) character file.

Game seed: 14714554896374569118

5007 qw the Skirmisher (level 10, 0/96 HPs)
             Began as a Naga Hunter on June 10, 2023.
             Was a Priest of Okawaru.
             Slain by a wight
             ... wielding a +1 trident
              (3 damage)
             ... on level 9 of the Dungeon.
             The game lasted 00:02:46 (7664 turns).

qw the Skirmisher (Naga Hunter)                     Turns: 7664, Time: 00:02:47

Health: 0/96       AC: 12    Str: 13    XL:     10   Next: 54%
Magic:  12/13      EV: 19    Int: 11    God:    Okawaru [***...]
Gold:   404        SH:  0    Dex: 18    Spells: 9/9 levels left

rFire   . . .        m - +0 orcbow
rCold   + . .        (shield currently unavailable)
rNeg    . . .        b - +2 leather armour {rC+}
rPois   +            l - +0 helmet
rElec   .            h - +0 cloak
rCorr   .            i - +1 pair of gloves
SInv    +            (no barding)
Will    +....        e - amulet of faith
Stlth   +++          g - +5 ring of evasion
HPRegen 0.36/turn    f - +4 ring of slaying {mikee}
MPRegen 0.13/turn

%: faith
@: about to teleport, short of breath, heroic, very slow
A: AC +3, large, see invisible, deformed body, poison resistance, slowness 2,
spit poison 1, naga tail 1
a: Spit Poison, Renounce Religion, Heroism


You were on level 9 of the Dungeon.
You worshipped Okawaru.
Okawaru was most pleased with you.
You visited 2 branches of the dungeon, and saw 10 of its levels.

You collected 404 gold pieces.


Innate Abilities, Weirdness & Mutations

Your serpentine skin is tough. (AC +3)
You have supernaturally acute eyesight. (SInv)
Armour fits poorly on your strangely shaped body.
Your system is resistant to poisons. (rPois)
You cover ground very slowly.
You can spit poison.
You have a snake-like lower body.


   Skills:
 + Level 7.8(12.8) Fighting
 - Level 11.1(16.1) Ranged Weapons
 - Level 2.2(7.2) Armour
 - Level 4.1(9.1) Dodging
 - Level 1.5(6.5) Stealth
 - Level 4.1 Invocations


You had 9 spell levels left.
You didn't know any spells.
Your spell library was empty.

Inventory:

Hand Weapons
 m - a +0 orcbow (weapon)
Armour
 b - a +2 leather armour of cold resistance (worn)
 h - a +0 cloak (worn)
 i - a +1 pair of gloves (worn)
 l - a +0 helmet (worn)
Jewellery
 e - an amulet of faith (around neck)
 f - a +4 ring of slaying (right hand) {mikee}
 g - a +5 ring of evasion (left hand)
Scrolls
 a - 3 scrolls of identify
Potions
 d - 2 potions of haste
 j - a potion of magic
 k - a potion of might

Dungeon Overview and Level Annotations

Branches:
Dungeon (9/15)             Temple (1/1) D:4
   Lair: D:8-11         Orc: D:9-12

Altars:
Ashenzari
Cheibriados
Dithmenos
Elyvilon
Fedhas
Gozag
Hepliaklqana
Kikubaaqudgha
Makhleb
Nemelex Xobeh
Okawaru
Qazlal
Ru
Sif Muna
Trog
Uskayaw
Vehumet
Wu Jian
Xom
Yredelemnul
Zin
The Shining One

Annotations:
D:6 1 runed translucent door, Crazy Yiuf


Message History

The yak gores you but does no damage. The yak gores you.
7657 ||| READING 2 scrolls of teleportation.
As you read the scroll of teleportation, it crumbles to dust.
You feel strangely unstable. The yak barely misses you. The yak gores you!
The yak misses you. The yak barely misses you. The yak misses you.
You shoot an arrow. The arrow hits the yak.
The yak is almost dead.
You have got your breath back.
The yak gores you. The yak misses you. The yak closely misses you.
The yak gores you. The yak completely misses you.
7659 ||| INVOKING Spit Poison.
Aiming: Spit Poison (1% risk of failure)
Press: ? - help, Shift-Dir - straight line, f/p - yak The splash of poison hits the yak but does no damage.
The yak is poisoned.
The yak is severely wounded.
The yak closely misses you. The yak misses you.
The yak gores you but does no damage. The yak gores you.
The yak gores you but does no damage.
You shoot an arrow. The arrow hits the yak!
You kill the yak!
Okawaru accepts your kill.
You shoot an arrow. The arrow hits the yak!
The yak is moderately wounded.
Your surroundings suddenly seem different. 3 wights come into view.
Found a glowing leather armour.
Enter note:
Enter note:
Enter note:
Enter note:
7662 ||| READING scroll of teleportation.
As you read the scroll of teleportation, it crumbles to dust.
You feel strangely unstable.
You shoot an arrow. The arrow closely misses the wight.
You shoot an arrow.
The arrow hits the wight but does no damage.
The wight hits you from afar with a +1 trident.
You die...

..............#
##..##########
#..##########
#...........#
............#
............#
............#
............#
.......@.[..#
........z...#
.......zz...#
............#
............#
#############


You could see 3 wights.

Vanquished Creatures
  Maggie (D:6)
  A wraith (D:5)
  6 yaks
  A water moccasin (D:8)
  2 ice beasts
  3 black bears
  3 ogres (D:4)
  3 wolves (D:9)
  7 centaurs
  3 phantoms
  4 bullfrogs
  4 kobold brigands
  A gnoll sergeant (D:6)
  2 scorpions
  10 wights
  2 howler monkeys
  2 orc priests (D:5)
  A jelly (D:6)
  2 hounds
  4 iguanas
  2 orc wizards
  10 gnolls
  5 adders
  2 shadow imps (D:6)
  A white imp (D:6)
  An ufetubus (D:6)
  4 dart slugs
  9 orcs
  3 ball pythons (D:2)
  5 endoplasms
  2 giant cockroaches (D:3)
  6 goblins
  5 hobgoblins
  26 kobolds
  6 quokkas
  6 bats
  3 frilled lizards (D:1)
  3 rats
161 creatures vanquished.

Notes
Turn   | Place    | Note
-------+----------+-------------------------------------------
     0 | D:1      | qw the Naga Hunter began the quest for the Orb.
     0 | D:1      | Reached XP level 1. HP: 19/19 MP: 1/1
     0 | D:1      | 0 ||| qw: Version: 0.2-a-123-gb51047a
     0 | D:1      | 0 ||| qw: Game counter: 3701
     0 | D:1      | 0 ||| qw: Always use a shield: true
     0 | D:1      | 0 ||| qw: God list: Okawaru
     0 | D:1      | 0 ||| qw: Allow faded altars: false
     0 | D:1      | 0 ||| qw: Do Orc after D:15 true
     0 | D:1      | 0 ||| qw: Do second Lair branch before Depths: true
     0 | D:1      | 0 ||| qw: Lair rune preference: random
     0 | D:1      | 0 ||| qw: Plans: Normal
     0 | D:1      | 0 ||| PLANNING D:1-11
    66 | D:1      | 66 ||| INVOKING Spit Poison.
    83 | D:1      | 83 ||| INVOKING Spit Poison.
   173 | D:1      | 173 ||| INVOKING Spit Poison.
   214 | D:1      | 214 ||| INVOKING Spit Poison.
   283 | D:1      | 283 ||| INVOKING Spit Poison.
   382 | D:1      | 382 ||| INVOKING Spit Poison.
   412 | D:1      | Reached skill level 4 in Ranged Weapons
   412 | D:1      | Reached XP level 2. HP: 26/26 MP: 2/2
   513 | D:1      | 513 ||| INVOKING Spit Poison.
   679 | D:1      | 679 ||| INVOKING Spit Poison.
   707 | D:1      | 707 ||| INVOKING Spit Poison.
   712 | D:1      | 712 ||| INVOKING Spit Poison.
   715 | D:1      | 715 ||| INVOKING Spit Poison.
   953 | D:1      | 953 ||| UPGRADING to +5 ring of evasion.
   954 | D:1      | 954 ||| READING 2 scrolls labelled QOOGUOWECW.
   955 | D:1      | 955 ||| DROPPING scroll of butterflies.
   979 | D:2      | 979 ||| INVOKING Spit Poison.
   982 | D:2      | 982 ||| STAIRDANCE
   985 | D:1      | 985 ||| INVOKING Spit Poison.
   988 | D:1      | 988 ||| INVOKING Spit Poison.
  1011 | D:2      | 1011 ||| INVOKING Spit Poison.
  1013 | D:2      | Reached XP level 3. HP: 32/32 MP: 3/3
  1047 | D:2      | 1047 ||| INVOKING Spit Poison.
  1050 | D:2      | 1050 ||| INVOKING Spit Poison.
  1084 | D:2      | 1084 ||| INVOKING Spit Poison.
  1129 | D:2      | 1129 ||| INVOKING Spit Poison.
  1398 | D:2      | 1398 ||| UPGRADING to +0 pair of gloves.
  1403 | D:2      | 1403 ||| UPGRADING to +0 helmet.
  1408 | D:2      | 1408 ||| READING scroll labelled PUSCHE CAUME.
  1412 | D:2      | 1412 ||| READING scroll labelled WIC QAFAJUOGOEDGHI.
  1413 | D:2      | 1413 ||| READING scroll labelled PETHOWYARU.
  1414 | D:2      | 1414 ||| READING scroll labelled EGHE ZE SEKIO.
  1415 | D:2      | 1415 ||| DRINKING 2 glowing red potions.
  1416 | D:2      | 1416 ||| READING 3 scrolls of identify.
  1416 | D:2      | 1416 ||| IDENTIFYING bubbling golden potion
  1417 | D:2      | 1417 ||| READING 2 scrolls of identify.
  1417 | D:2      | 1417 ||| IDENTIFYING sedimented purple potion
  1418 | D:2      | 1418 ||| DROPPING potion of enlightenment.
  1419 | D:2      | 1419 ||| DROPPING potion of attraction.
  1454 | D:3      | Noticed a phantom
  1465 | D:3      | Killed a phantom
  1466 | D:3      | Reached skill level 5 in Ranged Weapons
  1466 | D:3      | Reached XP level 4. HP: 34/39 MP: 4/4
  1466 | D:3      | Reached XP level 5. HP: 39/45 MP: 5/5
  1499 | D:3      | 1499 ||| INVOKING Spit Poison.
  1525 | D:3      | 1525 ||| INVOKING Spit Poison.
  1531 | D:3      | 1531 ||| INVOKING Spit Poison.
  1537 | D:3      | 1537 ||| INVOKING Spit Poison.
  1541 | D:3      | 1541 ||| INVOKING Spit Poison.
  1546 | D:3      | 1546 ||| INVOKING Spit Poison.
  1550 | D:3      | 1550 ||| INVOKING Spit Poison.
  1689 | D:3      | Found an ancient bone altar of Kikubaaqudgha.
  1703 | D:3      | 1703 ||| INVOKING Spit Poison.
  1708 | D:3      | 1708 ||| INVOKING Spit Poison.
  1791 | D:3      | 1791 ||| INVOKING Spit Poison.
  2446 | D:3      | 2446 ||| UPGRADING to +2 leather armour of cold resistance.
  2456 | D:3      | 2456 ||| DROPPING +0 leather armour.
  2457 | D:3      | 2457 ||| UPGRADING to ring of resist corrosion.
  2458 | D:3      | 2458 ||| READING scroll labelled KUTWOKIBIA.
  2459 | D:3      | 2459 ||| READING scroll labelled IRCHEF SIMEONKE.
  2460 | D:3      | 2460 ||| READING scroll labelled HUN XAILLAEH.
  2461 | D:3      | 2461 ||| DRINKING 2 yellow potions.
  2462 | D:3      | 2462 ||| DRINKING potion of curing.
  2462 | D:3      | 2462 ||| (to cure confusion)
  2463 | D:3      | 2463 ||| DROPPING potion of ambrosia.
  2587 | D:4      | Noticed an ogre
  2588 | D:4      | 2588 ||| INVOKING Spit Poison.
  2594 | D:4      | 2594 ||| INVOKING Spit Poison.
  2595 | D:4      | Killed an ogre
  2596 | D:4      | Reached XP level 6. HP: 42/57 MP: 6/6
  2657 | D:4      | 2657 ||| INVOKING Spit Poison.
  2663 | D:4      | 2663 ||| INVOKING Spit Poison.
  2665 | D:4      | Reached skill level 6 in Ranged Weapons
  2685 | D:4      | 2685 ||| INVOKING Spit Poison.
  2736 | D:4      | 2736 ||| INVOKING Spit Poison.
  2739 | D:4      | 2739 ||| INVOKING Spit Poison.
  2757 | D:4      | 2757 ||| INVOKING Spit Poison.
  2771 | D:4      | 2771 ||| INVOKING Spit Poison.
  2812 | D:4      | 2812 ||| INVOKING Spit Poison.
  2825 | D:4      | Found a broken altar of Ashenzari.
  2846 | D:4      | Found a staircase to the Ecumenical Temple.
  2847 | D:4      | 2847 ||| PLANNING TEMPLE
  2847 | D:4      | 2847 ||| READING scroll labelled TOIGINIOSK.
  2851 | D:4      | 2851 ||| INVOKING Spit Poison.
  2855 | D:4      | 2855 ||| INVOKING Spit Poison.
  2856 | D:4      | Reached XP level 7. HP: 57/64 MP: 7/7
  2918 | Temple   | Entered the Ecumenical Temple
  3019 | Temple   | 3019 ||| PLANNING OKAWARU WORSHIP
  3074 | Temple   | Became a worshipper of Warmaster Okawaru
  3074 | Temple   | 3074 ||| PLANNING D:1-11
  3252 | D:4      | 3252 ||| INVOKING Spit Poison.
  3290 | D:4      | 3290 ||| INVOKING Spit Poison.
  3294 | D:4      | 3294 ||| INVOKING Spit Poison.
  3306 | D:4      | 3306 ||| INVOKING Spit Poison.
  3324 | D:4      | 3324 ||| INVOKING Spit Poison.
  3532 | D:4      | 3532 ||| INVOKING Spit Poison.
  3535 | D:4      | 3535 ||| INVOKING Spit Poison.
  3537 | D:4      | Reached skill level 7 in Ranged Weapons
  3632 | D:4      | 3632 ||| UPGRADING to +4 ring of slaying {mikee}.
  3634 | D:4      | 3634 ||| DROPPING ring of resist corrosion.
  3635 | D:4      | 3635 ||| READING scroll labelled LUYMIDGHOTYT.
  3636 | D:4      | 3636 ||| READING scroll labelled JYMEIT RAKACVAWK.
  3738 | D:4      | 3738 ||| DRINKING 2 fuming black potions.
  3739 | D:4      | 3739 ||| READING 3 scrolls of identify.
  3739 | D:4      | 3739 ||| IDENTIFYING puce potion
  3740 | D:4      | 3740 ||| READING 2 scrolls of identify.
  3740 | D:4      | 3740 ||| IDENTIFYING fizzy blue potion
  3741 | D:4      | 3741 ||| DROPPING potion of brilliance.
  3778 | D:5      | Entered Level 5 of the Dungeon
  3779 | D:5      | 3779 ||| INVOKING Spit Poison.
  3826 | D:5      | Found a hazy altar of Hepliaklqana.
  3832 | D:5      | 3832 ||| INVOKING Spit Poison.
  3868 | D:5      | 3868 ||| INVOKING Spit Poison.
  3873 | D:5      | 3873 ||| INVOKING Spit Poison.
  3909 | D:5      | Reached skill level 1 in Armour
  3910 | D:5      | 3910 ||| INVOKING Spit Poison.
  3914 | D:5      | 3914 ||| INVOKING Spit Poison.
  3959 | D:5      | 3959 ||| INVOKING Spit Poison.
  3962 | D:5      | 3962 ||| INVOKING Spit Poison.
  3966 | D:5      | HP: 14/64 [centaur/arrow (9)]
  3968 | D:5      | Reached XP level 8. HP: 17/72 MP: 8/8
  4158 | D:5      | Noticed a wraith
  4167 | D:5      | Reached * piety under Okawaru
  4168 | D:5      | Reached skill level 8 in Ranged Weapons
  4181 | D:5      | 4181 ||| INVOKING Heroism.
  4188 | D:5      | Killed a wraith
  4465 | D:5      | 4465 ||| INVOKING Spit Poison.
  4471 | D:5      | 4471 ||| INVOKING Spit Poison.
  4479 | D:5      | 4479 ||| INVOKING Spit Poison.
  4605 | D:5      | Reached skill level 1 in Invocations
  4630 | D:5      | 4630 ||| INVOKING Spit Poison.
  4634 | D:5      | 4634 ||| INVOKING Spit Poison.
  4881 | D:5      | 4881 ||| DROPPING amulet of magic regeneration.
  4882 | D:5      | 4882 ||| READING scroll labelled JENYPR EPRO.
  4883 | D:5      | 4883 ||| READING scroll labelled YLEOMPIOVO.
  4884 | D:5      | 4884 ||| READING 2 scrolls of identify.
  4884 | D:5      | 4884 ||| IDENTIFYING fuming golden potion
  4885 | D:5      | 4885 ||| DROPPING potion of berserk rage.
  4942 | D:6      | 4942 ||| INVOKING Spit Poison.
  4946 | D:6      | 4946 ||| INVOKING Spit Poison.
  4959 | D:6      | 4959 ||| Stepping ~*~*~tactically~*~*~ (outnumbered).
  4960 | D:6      | 4960 ||| INVOKING Spit Poison.
  4961 | D:6      | 4961 ||| Stepping ~*~*~tactically~*~*~ (outnumbered).
  4962 | D:6      | 4962 ||| Stepping ~*~*~tactically~*~*~ (outnumbered).
  4966 | D:6      | 4966 ||| INVOKING Spit Poison.
  4969 | D:6      | Reached skill level 3 in Invocations
  4978 | D:6      | 4978 ||| INVOKING Heroism.
  4979 | D:6      | 4979 ||| INVOKING Spit Poison.
  4986 | D:6      | 4986 ||| INVOKING Spit Poison.
  4990 | D:6      | 4990 ||| INVOKING Spit Poison.
  4999 | D:6      | 4999 ||| INVOKING Spit Poison.
  5001 | D:6      | Reached XP level 9. HP: 41/81 MP: 10/12
  5002 | D:6      | 5002 ||| FLEEEEING.
  5003 | D:6      | 5003 ||| FLEEEEING.
  5005 | D:6      | 5005 ||| STAIRDANCE
  5135 | D:5      | 5135 ||| READING scroll labelled GOEJAU PUDAYDO.
  5142 | D:6      | Reached skill level 9 in Ranged Weapons
  5156 | D:6      | 5156 ||| INVOKING Spit Poison.
  5160 | D:6      | 5160 ||| INVOKING Spit Poison.
  5169 | D:6      | 5169 ||| FLEEEEING.
  5176 | D:6      | 5176 ||| FLEEEEING.
  5177 | D:6      | 5177 ||| FLEEEEING.
  5178 | D:6      | 5178 ||| INVOKING Spit Poison.
  5187 | D:6      | 5187 ||| STAIRDANCE
  5238 | D:6      | 5238 ||| FLEEEEING.
  5239 | D:6      | 5239 ||| FLEEEEING.
  5240 | D:6      | 5240 ||| FLEEEEING.
  5243 | D:6      | 5243 ||| STAIRDANCE
  5328 | D:6      | Noticed Maggie
  5331 | D:6      | 5331 ||| INVOKING Spit Poison.
  5335 | D:6      | 5335 ||| INVOKING Spit Poison.
  5339 | D:6      | Killed Maggie
  5340 | D:6      | Reached skill level 3 in Dodging
  5446 | D:6      | 5446 ||| INVOKING Heroism.
  5548 | D:6      | Found a snail-covered altar of Cheibriados.
  5562 | D:6      | 5562 ||| INVOKING Spit Poison.
  5600 | D:6      | 5600 ||| INVOKING Heroism.
  5635 | D:6      | Found a runed translucent door.
  5636 | D:6      | Noticed Crazy Yiuf
  5686 | D:6      | 5686 ||| INVOKING Heroism.
  5688 | D:6      | 5688 ||| INVOKING Spit Poison.
  5691 | D:6      | Reached skill level 6 in Fighting
  5811 | D:6      | 5811 ||| INVOKING Heroism.
  5812 | D:6      | 5812 ||| INVOKING Spit Poison.
  5897 | D:6      | Found a sparkling altar of Nemelex Xobeh.
  6001 | D:6      | 6001 ||| SWAPPING to +0 orcbow.
  6002 | D:6      | 6002 ||| DROPPING +1 shortbow of draining.
  6003 | D:6      | 6003 ||| UPGRADING to +0 cloak.
  6008 | D:6      | 6008 ||| UPGRADING to amulet of faith.
  6013 | D:6      | 6013 ||| DRINKING 2 murky silvery potions.
  6036 | D:6      | 6036 ||| DROPPING potion of lignification.
  6100 | D:7      | 6100 ||| INVOKING Spit Poison.
  6124 | D:7      | 6124 ||| INVOKING Spit Poison.
  6127 | D:7      | 6127 ||| INVOKING Heroism.
  6131 | D:7      | 6131 ||| INVOKING Spit Poison.
  6620 | D:7      | Identified the +4 hand axe of Vahoedao {drain, Will+}
  6661 | D:7      | 6661 ||| INVOKING Spit Poison.
  6714 | D:7      | 6714 ||| INVOKING Heroism.
  6715 | D:7      | 6715 ||| INVOKING Spit Poison.
  6720 | D:7      | Reached skill level 10 in Ranged Weapons
  6721 | D:7      | 6721 ||| INVOKING Spit Poison.
  6750 | D:7      | 6750 ||| DROPPING scarf of invisibility.
  6751 | D:7      | 6751 ||| DROPPING ring of ice.
  6752 | D:7      | 6752 ||| READING 4 scrolls of identify.
  6752 | D:7      | 6752 ||| IDENTIFYING smoky dark potion
  6820 | D:8      | 6820 ||| Stepping ~*~*~tactically~*~*~ (outnumbered).
  6823 | D:8      | 6823 ||| INVOKING Spit Poison.
  6827 | D:8      | 6827 ||| INVOKING Spit Poison.
  6832 | D:8      | 6832 ||| INVOKING Spit Poison.
  6838 | D:8      | 6838 ||| INVOKING Spit Poison.
  6844 | D:8      | 6844 ||| INVOKING Spit Poison.
  6850 | D:8      | 6850 ||| INVOKING Spit Poison.
  6857 | D:8      | 6857 ||| INVOKING Spit Poison.
  6863 | D:8      | Reached XP level 10. HP: 84/94 MP: 13/13
  6869 | D:8      | 6869 ||| INVOKING Spit Poison.
  6892 | D:8      | 6892 ||| INVOKING Spit Poison.
  6897 | D:8      | Reached ** piety under Okawaru
  7007 | D:8      | 7007 ||| INVOKING Spit Poison.
  7049 | D:8      | Found an ornate altar of the Wu Jian Council.
  7079 | D:8      | 7079 ||| INVOKING Spit Poison.
  7083 | D:8      | 7083 ||| INVOKING Spit Poison.
  7089 | D:8      | 7089 ||| INVOKING Spit Poison.
  7096 | D:8      | 7096 ||| INVOKING Heroism.
  7097 | D:8      | 7097 ||| INVOKING Spit Poison.
  7104 | D:8      | Reached skill level 11 in Ranged Weapons
  7301 | D:8      | 7301 ||| INVOKING Spit Poison.
  7440 | D:8      | 7440 ||| INVOKING Spit Poison.
  7483 | D:8      | 7483 ||| DROPPING +6 ring of intelligence.
  7494 | D:9      | 7494 ||| INVOKING Spit Poison.
  7530 | D:9      | 7530 ||| READING scroll of enchant armour.
  7530 | D:9      | 7530 ||| ENCHANTING +0 pair of gloves.
  7558 | D:9      | 7558 ||| INVOKING Spit Poison.
  7563 | D:9      | 7563 ||| INVOKING Spit Poison.
  7566 | D:9      | 7566 ||| INVOKING Spit Poison.
  7570 | D:9      | Reached *** piety under Okawaru
  7572 | D:9      | 7572 ||| INVOKING Spit Poison.
  7636 | D:9      | 7636 ||| INVOKING Spit Poison.
  7641 | D:9      | 7641 ||| INVOKING Spit Poison.
  7645 | D:9      | 7645 ||| INVOKING Spit Poison.
  7650 | D:9      | 7650 ||| INVOKING Spit Poison.
  7654 | D:9      | 7654 ||| INVOKING Heroism.
  7655 | D:9      | 7655 ||| INVOKING Spit Poison.
  7656 | D:9      | HP: 21/94 [yak (4)]
  7657 | D:9      | 7657 ||| READING 2 scrolls of teleportation.
  7658 | D:9      | HP: 7/94 [yak (4)]
  7659 | D:9      | 7659 ||| INVOKING Spit Poison.
  7659 | D:9      | HP: 2/94 [yak (6)]
  7662 | D:9      | 7662 ||| READING scroll of teleportation.
  7664 | D:9      | Slain by a wight

Levels and vault maps discovered:
D:1:      ncdulo_wetmaze, layout_basic, kennysheep_another_room,
          grunt_decor_one_mirror
D:2:      layout_rooms, st_stairs_4, hex_medium, minmay_gold_behind_fungi
D:3:      layout_basic, mainiacjoe_overflow_alcove_4
D:4:      layout_loops_corners, nicolae_ashenzari_skybound,
          minmay_temple_entry_overgrown, skrybe_limestone_x,
          grunt_decor_resistance
D:5:      layout_layer_cave, mainiacjoe_overflow_cross_hatched,
          chequers_serial_rivers_large_b, serial_park_tiny_pond,
          minmay_manual_mullet
D:6:      nicolae_whirlpool, layout_rooms, mainiacjoe_overflow_surrounded_room,
          kennysheep_little_box, uniq_crazy_yiuf_cottage, uniq_maggie
D:7:      layout_rooms, kennysheep_generic_room_6
D:8:      layout_rooms, nicolae_wu_jian_immortal_techniques
D:9:      layout_long_grid, erik_lair_island, david_orc_2
Temple:   regret_index_temple_sphere_string

Skill      XL: |  1  2  3  4  5  6  7  8  9 10 |
---------------+-------------------------------+-----
Ranged Weapons | 4 5 6 7 8 10 11 | 11.1
Fighting       | 4 5 7 |  7.8
Dodging        | 2 3 4 |  4.1
Armour         | 1 2 |  2.2
Invocations    | 4 |  4.1
Stealth        | |  1.5

Action                     |  1- 3 |  4- 6 |  7- 9 | 10-12 || total
---------------------------+-------+-------+-------+-------++-------
   Fire: Shortbow          |    55 |    72 |   172 |       ||   299
         Orcbow            |       |       |    67 |    90 ||   157
 Invoke: Heroism           |       |       |     8 |     2 ||    10
Ability: Spit Poison       |    19 |    22 |    49 |    20 ||   110
    Use: Scroll            |     7 |     4 |     9 |     3 ||    23
         Potion            |     1 |     2 |     2 |       ||     5
 Armour: Leather armour    |     8 |     4 |    25 |    17 ||    54
  Dodge: Dodged            |    21 |    26 |   131 |    50 ||   228

Table legend:
 A = Non-vault XP
 B = Vault XP
 C = Vault XP percentage of total XP
 D = Non-vault monster count
 E = Vault monster count
 F = Vault count percentage of total count
                 A         B        C        D         E       F
            +---------+---------+-------+---------+---------+-------
      Total |    5230 |    1923 |  26.9 |     143 |      18 |  11.2
            +---------+---------+-------+---------+---------+-------
        D:1 |      32 |       0 |   0.0 |      13 |       0 |   0.0
        D:2 |      22 |       6 |  21.4 |      12 |       3 |  20.0
        D:3 |     177 |       0 |   0.0 |      18 |       0 |   0.0
        D:4 |     575 |       0 |   0.0 |      16 |       0 |   0.0
        D:5 |     498 |     553 |  52.6 |      15 |       5 |  25.0
        D:6 |     948 |     753 |  44.3 |      20 |       4 |  16.7
        D:7 |     443 |     228 |  34.0 |       9 |       2 |  18.2
        D:8 |    1828 |       0 |   0.0 |      36 |       0 |   0.0
        D:9 |     707 |     383 |  35.1 |       4 |       4 |  50.0
            +---------+---------+-------+---------+---------+-------
